 Dungeon Sprint DCSS version 0.23-a0-860-g8ff03fb (webtiles) character file.

38 gruber the Twirler (level 3, -3/31 HPs)
             Began as a Minotaur Gladiator on Jan 27, 2019.
             Killed by divine providence
             ... invoked by an orc priest
              (11 damage)
             ... in the Dungeon (Sprint IX: "|||||||||||||||||||||||||||||").
             The game lasted 00:00:21 (29 turns).

gruber the Twirler (Minotaur Gladiator)               Turns: 29, Time: 00:00:22

Health: -3/31      AC:  3    Str: 19    XL:     3   Next: 25%
Magic:  2/2        EV: 14    Int:  5    God:
Gold:   0          SH:  0    Dex: 11    Spells: 2/2 levels left

rFire    . . .     SeeInvis .   a - +0 quarterstaff
rCold    . . .     Gourm    .   (shield currently unavailable)
rNeg     . . .     Faith    .   b - +0 leather armour
rPois    .         Spirit   .   c - +0 hat
rElec    .         Reflect  .   (no cloak)
rCorr    .         Harm     .   (no gloves)
MR       .....     NoTele   +   (no boots)
Stlth    +.........             (no amulet)
HPRegen  0.10/turn              (no ring)
MPRegen  0.08/turn              (no ring)

@: no status effects
A: retaliatory headbutt, horns 2
a: no special abilities


You were in the Dungeon.
You were not hungry.

You visited 1 branch

Inventory:

Hand Weapons
 a - a +0 quarterstaff (weapon)
Missiles
 d - 3 throwing nets (quivered)
Armour
 b - a +0 leather armour (worn)
 c - a +0 hat (worn)
Scrolls
 k - a scroll of blinking
Potions
 e - a potion of curing
 g - a potion of heal wounds
 h - a potion of haste
 i - 2 potions of magic
 j - a potion of berserk rage
Comestibles
 f - a ration


   Skills:
 + Level 3.5 Fighting
 + Level 6.3 Staves
 - Level 2.0 Throwing
 + Level 1.4 Armour
 + Level 5.5 Dodging


You had 2 spell levels left.
You didn't know any spells.
Your spell library was empty.

Dungeon Overview and Level Annotations

Branches:
Dungeon (1/1)

Altars:


Innate Abilities, Weirdness & Mutations

You reflexively headbutt those who attack you in melee.
You have a pair of horns on your head.


Message History

You sock the hound!
You kill the hound!
Your Fighting skill increases to level 3!
Your Staves skill gained 2 levels and is now at level 6!
Your Armour skill increases to level 1!
Your Dodging skill increases to level 5!
You have reached level 3!
Your experience leads to an increase in your attributes!
Increase (S)trength, (I)ntelligence, or (D)exterity?
You feel stronger.
The orc priest invokes the aid of Beogh against you.
Pain shoots through your body!
* * * LOW HITPOINT WARNING * * *
You are too injured to fight recklessly!
You are too injured to fight recklessly!
You swing at nothing.
You closely miss the orc priest.
The orc priest mumbles some strange prayers to Beogh against you.
Beogh smites you!
You die... ▓▓▓▓▓▓▓▓▓▓▓▓▓▓▓▓▓▓ ▓<...'.†..@oZS5..+ ▓▓▓▓▓▓▓▓▓▓▓▓▓▓▓▓▓▓

You could see an orc priest, a crimson imp, an adder and a leopard gecko zombie.

Vanquished Creatures
  A hound (D)
  An ooze (D)
  A giant cockroach (D)
  2 bats (D)
  A rat (D)
6 creatures vanquished.

Notes
Turn   | Place    | Note
-------+----------+-------------------------------------------
     0 | D        | gruber the Minotaur Gladiator began the quest for the Orb.
     0 | D        | Reached XP level 1. HP: 18/18 MP: 0/0
     6 | D        | Reached skill level 4 in Staves
    16 | D        | Reached XP level 2. HP: 25/25 MP: 1/1
    21 | D        | Noticed a crimson imp
    27 | D        | Reached skill level 6 in Staves
    27 | D        | Reached skill level 1 in Armour
    27 | D        | Reached skill level 5 in Dodging
    27 | D        | Reached XP level 3. HP: 20/31 MP: 2/2
    29 | D        | Killed from afar by an orc priest

Vault maps used:
D:        linesprint

Skill      XL: |  1  2 |
---------------+-------+-----
Staves         | 4 6 |  6.3
Dodging        | 4 5 |  5.5
Fighting       | 3 |  3.5
Armour         | 1 |  1.4
Throwing       | |  2.0

Action                   || total
-------------------------++-------
Melee: Quarterstaff      ||    18
       Headbutt          ||     3
Armor: Leather armour    ||     7
Dodge: Dodged            ||     9

Table legend:
 A = Non-vault XP
 B = Vault XP
 C = Vault XP percentage of total XP
 D = Non-vault monster count
 E = Vault monster count
 F = Vault count percentage of total count
                 A         B        C        D         E       F
            +---------+---------+-------+---------+---------+-------
      Total |       0 |      55 | 100.0 |       0 |       6 | 100.0
            +---------+---------+-------+---------+---------+-------
          D |       0 |      55 | 100.0 |       0 |       6 | 100.0
            +---------+---------+-------+---------+---------+-------
